 Dungeon Crawl Stone Soup version 0.28.0 (webtiles) character file.

Game seed: 14085598647099902337

42 danielguo94 the Covered (level 3, 0/23 HPs)
             Began as a Gargoyle Fighter on Feb 5, 2022.
             Slain by a goblin (1 damage)
             ... led by Robin
             ... on level 2 of the Dungeon.
             The game lasted 00:01:19 (772 turns).

danielguo94 the Covered (Gargoyle Fighter)           Turns: 772, Time: 00:01:20

Health: 0/23       AC: 10    Str: 21    XL:     3   Next: 54%
Magic:  3/3        EV:  9    Int:  8    God:
Gold:   22         SH:  4    Dex:  9    Spells: 2/2 levels left

rFire   . . .      SeeInvis .   a - +0 flail
rCold   . . .      Faith    .   c - +0 buckler
rNeg    + . .      Spirit   .   b - +0 scale mail
rPois   ∞          Reflect  .   (no helmet)
rElec   +          Harm     .   (no cloak)
rCorr   .          Rampage  .   (no gloves)
Will    .....                   (no boots)
Stlth   ..........              (no amulet)
HPRegen 0.07/turn               (no ring)
MPRegen 0.08/turn               (no ring)

@: no status effects
A: sickness immunity, AC +3, negative energy resistance 1, electricity
resistance, torment resistance 1, petrification resistance
a: no special abilities


You were on level 2 of the Dungeon.
You visited 1 branch of the dungeon, and saw 2 of its levels.

You collected 22 gold pieces.

Inventory:

Hand Weapons
 a - a +0 flail (weapon)
Missiles
 e - 40 stones (quivered)
Armour
 b - a +0 scale mail (worn)
 c - a +0 buckler (worn)
Scrolls
 h - a scroll of teleportation {unknown}
Potions
 d - a potion of might
 f - a potion of flight {unknown}
 g - 2 potions of curing {unknown}
 i - a potion of degeneration {unknown}


   Skills:
 + Level 3.5 Fighting
 * Level 3.0 Maces & Flails
 + Level 3.7 Armour
 + Level 0.2 Dodging
 + Level 3.4 Shields


You had 2 spell levels left.
You didn't know any spells.
Your spell library was empty.

Dungeon Overview and Level Annotations

Branches:
Dungeon (2/15)

Altars:

Shops:
D:1 =


Innate Abilities, Weirdness & Mutations

You are immune to sickness and miasma.
Your stone body is resilient. (AC +3)
You are immune to poison.
You resist negative energy. (rN+)
You are resistant to electric shocks. (rElec)
You are resistant to unholy torment.
You are immune to petrification.


Message History

You block the goblin's attack. The goblin barely misses you. x2
The goblin hits you but does no damage.
Unknown command.
You barely miss the goblin.
The goblin is moderately wounded.
The goblin no longer looks unusually strong.
The goblin hits you but does no damage. x2
The goblin hits you with a +0 dagger. The goblin hits you but does no damage.
You barely miss the goblin.
The goblin is moderately wounded.
The goblin hits you but does no damage. You block the goblin's attack.
The goblin hits you with a +0 club.
* * * LOW HITPOINT WARNING * * *
The goblin hits you but does no damage.
You barely miss the goblin.
The goblin is moderately wounded.
You block the goblin's attack. The goblin hits you but does no damage.
The goblin misses you.
Unknown command.
Unknown command.
You barely miss the goblin.
The goblin is moderately wounded.
The goblin misses you. The goblin closely misses you.
The goblin hits you with a +0 dagger.
* * * LOW HITPOINT WARNING * * *
The goblin hits you with a +0 dagger.
* * * LOW HITPOINT WARNING * * *
You closely miss the goblin.
The goblin is moderately wounded.
The goblin hits you but does no damage. x3; The goblin barely misses you.
Unknown command.
Unknown command.
You miss the goblin.
The goblin is moderately wounded.
The goblin barely misses you. The goblin closely misses you.
The goblin hits you but does no damage. x2
You closely miss the goblin.
The goblin is moderately wounded.
The goblin closely misses you. The goblin hits you with a +0 club.
You die...

#.# #.# . ..# ..
#.# #. #.# .. #.#
##.#.#.##g#
......Jgg@####
#.#.#.##g##.##
##.....##.#.#.##
........#.>###.##
#.......## ##.##
#......## ##.#
#.....†.## ##.##
#.#..)##.###.##
#.##.####.#.##


You could see an endoplasm and 4 goblins.

Vanquished Creatures
  Robin (D:2)
  A dart slug (D:1)
  3 bats (D:1)
  An endoplasm (D:1)
  2 giant cockroaches (D:1)
  3 hobgoblins
  A quokka (D:1)
  3 ball pythons
  4 frilled lizards
  7 goblins
  2 rats (D:1)
28 creatures vanquished.

Notes
Turn   | Place    | Note
-------+----------+-------------------------------------------
     0 | D:1      | danielguo94 the Gargoyle Fighter began the quest for the
                  | Orb.
     0 | D:1      | Reached XP level 1. HP: 14/14 MP: 1/1
   268 | D:1      | Reached XP level 2. HP: 19/19 MP: 2/2
   350 | D:1      | Found Bauc's One-of-a-Kind Rings.
   723 | D:2      | Reached XP level 3. HP: 21/23 MP: 3/3
   749 | D:2      | Noticed Robin
   758 | D:2      | Killed Robin
   769 | D:2      | HP: 1/23 [goblin[Robin] (2)]
   772 | D:2      | Slain by a goblin

Illustrated notes

Levels and vault maps discovered:
D:1:      dpeg_arrival_rhombi, layout_rooms, serial_forest,
          infiniplex_forest_straight_5, infiniplex_forest_pool,
          infiniplex_forest_3_way, infiniplex_forest_lined_corner,
          infiniplex_forest_straight_2, infiniplex_forest_clump_tiny,
          infiniplex_forest_clump_small, infiniplex_forest_clump_tiny,
          infiniplex_forest_clump_small, infiniplex_forest_clump_curved,
          st_stairs_12, minmay_statues_item, minmay_strange_pillars,
          nicolae_shop_unique_rings
D:2:      layout_loops_ring, serial_park_tiny_1, minmay_strange_pillars,
          minmay_lizard_pond, uniq_robin, uniq_terence, uniq_natasha

Skill      XL: |  1  2  3 |
---------------+----------+-----
Maces & Flails | 3 |  3.0
Fighting       | |  3.5
Armour         | |  3.7
Dodging        | |  0.2
Shields        | |  3.4

Action                   || total
-------------------------++-------
Melee: Flail             ||    88
Armor: Scale mail        ||    75
Dodge: Dodged            ||    53
Block: Buckler           ||    32
